 Dungeon Crawl Stone Soup version 0.26-a0-784-g51bffae0b1 (webtiles) character file.

Game seed: 8880114866259842336

130 Peloso the Covered (level 4, -1/41 HPs)
             Began as a Minotaur Fighter on Nov 10, 2020.
             Slain by Grinder (6 damage)
             ... on level 3 of the Dungeon.
             The game lasted 00:02:51 (2074 turns).

Peloso the Covered (Minotaur Fighter)               Turns: 2074, Time: 00:02:52

Health: -1/41      AC:  7    Str: 21    XL:     4   Next: 90%
Magic:  3/3        EV:  8    Int:  5    God:
Gold:   102        SH:  9    Dex: 10    Spells: 3/3 levels left

rFire    . . .     SeeInvis .   a - +0 long sword
rCold    . . .     Faith    .   c - +0 kite shield
rNeg     . . .     Spirit   .   k - +0 scale mail
rPois    .         Reflect  .   (helmet restricted)
rElec    .         Harm     .   (no cloak)
rCorr    .         Rampage  .   (no gloves)
MR       .....                  (no boots)
Stlth    +.........             (no amulet)
HPRegen  0.13/turn              h - ring of stealth
MPRegen  0.08/turn              (no ring)

@: no status effects
A: retaliatory headbutt, horns 2
a: no special abilities


You were on level 3 of the Dungeon.
You visited 1 branch of the dungeon, and saw 3 of its levels.

You collected 102 gold pieces.

Inventory:

Hand Weapons
 a - a +0 long sword (weapon)
 b - a +1 short sword of freezing
Armour
 c - a +0 kite shield (worn)
 k - a +0 scale mail (worn)
Jewellery
 h - a ring of stealth (left hand)
Scrolls
 e - a scroll of enchant weapon {unknown}
 f - a scroll of fear {unknown}
 g - 4 scrolls of identify {unknown}
 i - 2 scrolls of teleportation {unknown}
 j - 2 scrolls of remove curse {unknown}
 l - a scroll of amnesia {unknown}
 m - a scroll of enchant armour {unknown}
Potions
 d - 2 potions of might


   Skills:
 + Level 4.3 Fighting
 + Level 4.3 Long Blades
 + Level 4.4 Armour
 + Level 0.9 Dodging
 + Level 0.3 Stealth
 + Level 4.2 Shields


You had 3 spell levels left.
You didn't know any spells.
Your spell library was empty.

Dungeon Overview and Level Annotations

Branches:
Dungeon (3/15)

Altars:
Makhleb
Nemelex Xobeh
Trog

Annotations:
D:3 Grinder


Innate Abilities, Weirdness & Mutations

You reflexively headbutt those who attack you in melee.
You have a pair of horns on your head.


Message History

Grinder is moderately wounded.
Grinder hits you!
You hit Grinder.
Grinder is moderately wounded.
You block the orc's attack. Grinder gestures at you.
Pain shoots through your body!
You closely miss Grinder. Your headbutt misses Grinder.
Grinder is moderately wounded.
You block the orc's attack. You block Grinder's attack.
The orc barely misses you. You furiously retaliate!
You headbutt the orc!
You kill the orc!
You closely miss Grinder. You headbutt Grinder!
Grinder is heavily wounded.
Grinder hits you.
You writhe in agony.
* * * LOW HITPOINT WARNING * * *
Grinder hits you.
* * * LOW HITPOINT WARNING * * *
You writhe in agony.
You die...

#.# ###.## ....# #
#...# #. #<.>#
#.###...# #
...##..#
###..###.#...###..
......5@[$.......#
###.####...........
###.#.###.## #.....
.. ....### # #####


You could see Grinder.

Vanquished Creatures
  A hound (D:2)
  Jessica (D:2)
  2 adders (D:2)
  2 worms (D:2)
  2 dart slugs (D:2)
  A leopard gecko (D:2)
  An orc (D:3)
  3 giant cockroaches
  4 goblins
  7 hobgoblins
  2 jackals (D:2)
  9 bats
  A frilled lizard (D:1)
  3 kobolds
  5 rats
  2 toadstools (D:1)
46 creatures vanquished.

Vanquished Creatures (others)
  5 toadstools (D:1)
5 creatures vanquished.

Grand Total: 51 creatures vanquished

Notes
Turn   | Place    | Note
-------+----------+-------------------------------------------
     0 | D:1      | Peloso the Minotaur Fighter began the quest for the Orb.
     0 | D:1      | Reached XP level 1. HP: 19/19 MP: 0/0
   324 | D:1      | Reached XP level 2. HP: 27/27 MP: 1/1
  1069 | D:2      | Found a sparkling altar of Nemelex Xobeh.
  1086 | D:2      | Reached XP level 3. HP: 30/33 MP: 2/2
  1296 | D:2      | Found a burning altar of Makhleb.
  1304 | D:2      | Reached XP level 4. HP: 28/40 MP: 3/3
  1659 | D:2      | Noticed Jessica
  1664 | D:2      | Killed Jessica
  1750 | D:2      | Found a sparkling altar of Nemelex Xobeh.
  1862 | D:2      | Found a bloodstained altar of Trog.
  2066 | D:3      | Noticed Grinder
  2074 | D:3      | Slain by Grinder

Illustrated notes

Levels and vault maps discovered:
D:1:      nagdon_arrival_zigzag_paths, layout_loops_ring
D:2:      layout_loops_corners, makhleb_heckhound_becter, bloody_trog,
          nemelex_xobeh_ov_fountains_minmay, nemelex_spade_bored_becter,
          uniq_jessica
D:3:      layout_loops_ring, uniq_terence, uniq_robin, uniq_grinder

Skill      XL: |  1  2  3  4 |
---------------+-------------+-----
Fighting       | 4 |  4.3
Armour         | 4 |  4.4
Long Blades    | 3 4 |  4.3
Shields        | 4 |  4.2
Dodging        | |  0.9
Stealth        | |  0.3

Action                   |  1- 3 |  4- 6 || total
-------------------------+-------+-------++-------
Melee: Long sword        |   102 |    40 ||   142
       Headbutt          |    16 |     4 ||    20
  Use: Potion            |     2 |       ||     2
Armor: Scale mail        |    57 |    11 ||    68
Dodge: Dodged            |    22 |    10 ||    32
Block: Kite shield       |    54 |    21 ||    75
       Rpst.: Long sword |     7 |     5 ||    12

Table legend: (Time is in decaauts)
 A = Elapsed time spent in this place.
 B = Non-inter-level travel time spent in this place.
 C = Inter-level travel time spent in this place.
 D = Time resting spent in this place.
 E = Time spent auto-exploring this place.
 F = Levels seen in this place.
 G = Mean time per level.
                   A        B        C        D        E       F      G
               +--------+--------+--------+--------+--------+-----+--------+
         Total |   2117 |   2056 |     61 |      0 |   1664 |   3 |  705.7 |
       Dungeon |   2117 |   2056 |     61 |      0 |   1664 |   3 |  705.7 |
               +--------+--------+--------+--------+--------+-----+--------+

Top non-repeatable levels by time:
     D:2: 1199 daAuts
     D:1: 903 daAuts
     D:3: 13 daAuts
